 Dungeon Crawl Stone Soup version 0.28-b1-78-gc65acfa365 (webtiles) character file.

Game seed: 6856416889138683882

114 Dziko the Skirmisher (level 4, -3/42 HPs)
             Began as a Minotaur Abyssal Knight on Feb 4, 2022.
             Was a Believer of Lugonu.
             Killed by divine providence
             ... invoked by an orc priest
              (9 damage)
             ... on level 3 of the Dungeon.
             The game lasted 00:18:15 (1563 turns).

Dziko the Skirmisher (Minotaur Abyssal Knight)      Turns: 1563, Time: 00:18:16

Health: -3/42      AC:  3    Str: 19    XL:     4   Next: 66%
Magic:  13/13      EV: 11    Int:  7    God:    Lugonu [**....]
Gold:   39         SH:  0    Dex: 11    Spells: 3/3 levels left

rFire   . . .      SeeInvis .   a - +1 falchion
rCold   . . .      Faith    +   (no shield)
rNeg    . . .      Spirit   .   f - +0 leather armour
rPois   .          Reflect  .   (helmet restricted)
rElec   .          Harm     .   (no cloak)
rCorr   .          Rampage  .   (no gloves)
Will    .....                   (no boots)
Stlth   +.........              c - amulet of faith
HPRegen 0.14/turn               i - ring of magical power
MPRegen 0.13/turn               (no ring)

@: no status effects
A: horns 2, retaliatory headbutt
a: Renounce Religion, Depart the Abyss, Bend Space


You were on level 3 of the Dungeon.
You worshipped Lugonu.
Lugonu was pleased with you.
You visited 1 branch of the dungeon, and saw 3 of its levels.
You visited the Abyss 1 time.

You collected 39 gold pieces.

Inventory:

Hand Weapons
 a - a +1 falchion (weapon)
Armour
 f - a +0 leather armour (worn)
Jewellery
 c - an amulet of faith (around neck)
 i - a ring of magical power (left hand)
Scrolls
 d - a scroll of teleportation
Potions
 l - a potion of cancellation


   Skills:
 + Level 5.5 Fighting
 + Level 3.5 Long Blades
 + Level 3.0 Armour
 + Level 1.3 Dodging
 + Level 1.9 Invocations


You had 3 spell levels left.
You didn't know any spells.
Your spell library contained the following spells:

 Spells                   Type           Power      Damage    Failure   Level
 Animate Skeleton         Necr           0%         N/A       50%         1
 Apportation              Tloc           0%         N/A       50%         1
 Summon Small Mammal      Summ           0%         N/A       50%         1


Dungeon Overview and Level Annotations

Branches:
Dungeon (3/15)

Altars:


Innate Abilities, Weirdness & Mutations

You have a pair of horns on your head.
You reflexively headbutt those who attack you in melee.


Message History

You hit the orc.
The orc is heavily wounded.
The orc hits you with a +0 dagger.
An orc comes into view. It is wielding a +0 trident.
The orc shouts!
You hit the orc.
You kill the orc!
Lugonu accepts your kill.
The orc priest calls down the wrath of Beogh upon you.
Beogh smites you!
You hit the orc wizard.
The orc wizard is lightly wounded.
The orc wizard completely misses you.
You hit the orc wizard.
The orc wizard is moderately wounded.
The orc wizard barely misses you.
The orc priest mumbles some strange prayers to Beogh against you.
Beogh smites you!
The orc wizard gestures wildly while chanting.
The orc wizard flickers and vanishes!
Deactivating autopickup; reactivate with Ctrl-A.
You hit something. Your headbutt misses something.
A giant cockroach comes into view.
Something barely misses you.
You barely miss something.
You hear some strange, mumbled words.
Something tries to affect you, but you resist.
You hear a shout!
You barely miss something. Your headbutt misses something. Something hits you.
You hit something. You headbutt something. Something hits you.
The orc priest mumbles some strange prayers to Beogh against you.
Something writhes in agony!
Reactivating autopickup.
You feel a bit more experienced.
Your Armour skill increases to level 3!
The orc hits you from afar with a +0 trident!
* * * LOW HITPOINT WARNING * * *
The orc priest mumbles some strange prayers to Beogh against you.
Beogh smites you!
You die...

#+# #.# ##### #..
...# #
##.######.####B#
###...#.......@oo#
#.......###.######
#.#...### #.#
##.######.#
#.........#
#.........#
#..####..##
#..#..#..#
#..)..#..#


You could see an orc priest, an orc and a giant cockroach.

Vanquished Creatures
  An adder (D:2)
  4 gnolls (D:3)
  A worm (D:2)
  A dart slug (D:1)
  An orc (D:3)
  5 ball pythons
  3 bats
  5 endoplasms
  2 giant cockroaches (D:1)
  6 goblins
  3 hobgoblins
  A quokka (D:1)
  2 kobolds (D:1)
  2 rats
37 creatures vanquished.

Vanquished Creatures (others)
  An orc wizard (D:3)
  2 plants (D:3)
3 creatures vanquished.

Grand Total: 40 creatures vanquished

Notes
Turn   | Place    | Note
-------+----------+-------------------------------------------
     0 | Abyss:1  | Dziko the Minotaur Abyssal Knight began the quest for the
                  | Orb.
     0 | Abyss:1  | Reached XP level 1. HP: 19/19 MP: 1/1
    12 | D:1      | Escaped the Abyss
    62 | D:1      | Reached skill level 4 in Fighting
   111 | D:1      | Reached XP level 2. HP: 22/27 MP: 2/2
   725 | D:2      | Reached ** piety under Lugonu
   734 | D:2      | Reached XP level 3. HP: 26/34 MP: 3/3
  1271 | D:3      | Reached skill level 5 in Fighting
  1289 | D:3      | Reached XP level 4. HP: 32/42 MP: 4/4
  1563 | D:3      | Killed from afar by an orc priest

Illustrated notes

Levels and vault maps discovered:
D:1:      nzn_arrival_water_spiral, layout_rooms, minivault_19
D:2:      layout_loops_ring
D:3:      layout_loops_corners, dreamdust_ecumenical_altar_angels_and_demons,
          corexii_shack, uniq_crazy_yiuf_cottage

Skill      XL: |  1  2  3  4 |
---------------+-------------+-----
Fighting       | 4 5 |  5.5
Long Blades    | 3 |  3.5
Armour         | 3 |  3.0
Dodging        | |  1.3
Invocations    | |  1.9

Action                   |  1- 3 |  4- 6 || total
-------------------------+-------+-------++-------
Melee: Falchion          |    67 |    24 ||    91
       Headbutt          |    12 |     3 ||    15
  Use: Scroll            |     4 |       ||     4
       Potion            |     1 |       ||     1
Armor: Leather armour    |    16 |     2 ||    18
Dodge: Dodged            |    33 |     9 ||    42
